 Dungeon Crawl Stone Soup version 0.29-a0-824-gd827844252 (webtiles) character file.

Game seed: 1456170770558195037

95 Malachi the Magician (level 4, -5/31 HPs)
             Began as a Djinni Conjurer on July 10, 2022.
             Slain by a lemure (8 damage)
             ... led by Pikel
             ... on level 4 of the Dungeon.
             The game lasted 00:05:13 (2732 turns).

Malachi the Magician (Djinni Conjurer)              Turns: 2732, Time: 00:05:14

Health: -5/31      AC:  2    Str:  6    XL:     4   Next: 97%
Gold:   188        EV: 12    Int: 22    God:
                   SH:  0    Dex: 11

rFire   + + +      SeeInvis .   g - staff of cold
rCold   . . .      Faith    .   (no shield)
rNeg    . . .      Spirit   .   a - +0 robe
rPois   ∞          Reflect  .   (no helmet)
rElec   .          Harm     .   (no cloak)
rCorr   .          Rampage  .   (no gloves)
Will    .....                   (boots unavailable)
Stlth   ++........              (no amulet)
HPRegen 0.10/turn               j - ring of protection from fire
MPRegen 0.00/turn               (no ring)

@: flying
A: sickness immunity, fire resistance 2, cold vulnerability 1, float, innate
caster, HP casting, extra vitality 1
a: no special abilities


You were on level 4 of the Dungeon.
You visited 1 branch of the dungeon, and saw 4 of its levels.

You collected 188 gold pieces.

Inventory:

Armour
 a - a +0 robe (worn)
Magical Staves
 g - a staff of cold (weapon)
Jewellery
 j - a ring of protection from fire (left hand)
 l - an amulet of the acrobat
Wands
 k - a wand of paralysis (8)
Scrolls
 e - 3 scrolls of fear
 f - a scroll of fog
 o - a scroll of silence
 p - a scroll of vulnerability
 q - a scroll of identify
Potions
 b - 3 potions of curing {unknown}
 c - 2 potions of resistance {unknown}
 d - 3 potions of attraction {unknown}
 h - 5 potions of heal wounds {unknown}
 i - a potion of brilliance {unknown}
 m - 2 potions of lignification {unknown}
 n - 2 potions of magic {unknown}
 r - 2 potions of degeneration {unknown}


   Skills:
 - Level 2.2 Dodging
 - Level 1.6 Stealth
 * Level 4.6 Spellcasting


You couldn't memorise any spells.
You knew the following spells:

 Your Spells              Type           Power      Damage    Failure   Level
a - Magic Dart            Conj           100%       1d8       1%          1
b - Searing Ray           Conj           50%        2d6       2%          2
c - Dazzling Flash        Conj/Hex       50%        N/A       4%          3
d - Fulminant Prism       Conj/Hex       12%        3d9       16%         4
e - Iskenderun's Mystic   Conj/Tloc      25%        2d7       16%         4
f - Sandblast             Erth           50%        2d12      1%          1
Your spell library was empty.

Dungeon Overview and Level Annotations

Branches:
Dungeon (4/15)
 Temple: D:4-7

Altars:
Fedhas
Zin

Shops:
D:1 [=*!

Annotations:
D:4 Pikel


Innate Abilities, Weirdness & Mutations

You are immune to sickness and miasma.
You are immune to poison.
Your flesh is very heat resistant. (rF++)
You are vulnerable to cold. (rC-)
You float through the air rather than walking.
You learn spells naturally, not from books.
Your magical power is your life essence.
You have superior vitality. (+4 MHP)


Message History

Press: ? - help, Shift-Dir - straight line, f/p - Pikel
Aim: Pikel, wielding a +0 whip of flaming and wearing a +0 robe (lightly wounded, 74% to hit)
The searing ray hits the lemure!
The lemure is severely wounded.
The searing ray hits Pikel!
Pikel is moderately wounded.
The searing ray hits the lemure.
The lemure is moderately wounded. (Press . to maintain the ray.)
Casting: Searing Ray (safe; 2% risk of failure)
Confirm with . or Enter, or press ? or * to list all spells.
Restarting spell: Searing Ray (safe; 2% risk of failure)
Press: ? - help, Shift-Dir - straight line, f/p - Pikel
Aim: Pikel, wielding a +0 whip of flaming and wearing a +0 robe (moderately wounded, 74% to hit)
The searing ray hits Pikel.
Pikel is heavily wounded.
The searing ray misses the lemure. (Press . to maintain the ray.) Unknown command.
Casting: Searing Ray (safe; 2% risk of failure)
Confirm with . or Enter, or press ? or * to list all spells.
Restarting spell: Searing Ray (safe; 2% risk of failure)
Press: ? - help, Shift-Dir - straight line, f/p - Pikel
Aim: Pikel, wielding a +0 whip of flaming and wearing a +0 robe (heavily wounded, 74% to hit)
The searing ray hits Pikel.
Pikel is heavily wounded.
The searing ray hits the lemure.
The lemure is almost dead.
The searing ray hits the lemure.
The lemure is lightly wounded. (Press . to maintain the ray.)
* * * LOW HITPOINT WARNING * * *
Pikel hits you with a +0 whip of flaming.
* * * LOW HITPOINT WARNING * * *
The worm closely misses you.
As you read the scroll of fear, it crumbles to dust.
You assume a fearsome visage.
Pikel looks frightened!
The lemure looks frightened! x3; The worm looks frightened!
The lemure hits you!
You die...

##.#######
#.♣.....
####.........
#♣......
....5.....5.
♣_.....
#####5.K.5.....
♣......
...w.......5...
♣♣..... #.#.#
#...... #.#.#
#......
#####.5.#
##.....
.....w.@#
#....#
#.####..####
###### #.....#
#...#.# #.#.#.#
...#.#.#
#.###.#.#
#.....[.#
#####..<#


You could see Pikel (fleeing), 2 lemures and a worm (fleeing).

Vanquished Creatures
  Natasha (D:4)
  2 adders
  An orc (D:4)
  6 ball pythons
  2 bats
  8 endoplasms
  A giant cockroach (D:4)
  4 hobgoblins
  2 quokkas
  10 frilled lizards
  6 goblins
  5 kobolds
  3 rats
51 creatures vanquished.

Vanquished Creatures (others)
  3 plants (D:1)
3 creatures vanquished.

Grand Total: 54 creatures vanquished

Notes
Turn   | Place    | Note
-------+----------+-------------------------------------------
     0 | D:1      | Malachi the Djinni Conjurer began the quest for the Orb.
     0 | D:1      | Malachi set off with the following spells memorised: Magic
                  | Dart, Searing Ray, Dazzling Flash, Fulminant Prism,
                  | Iskenderun's Mystic Blast.
     0 | D:1      | Reached XP level 1. HP: 15/15 MP: 0/0
    78 | D:1      | Reached XP level 2. HP: 12/21 MP: 0/0
   236 | D:1      | Found Jaisufry's Jewellery Shoppe.
   399 | D:1      | Found Cidwoaps's Armour Boutique.
   558 | D:1      | Found a faded altar of an unknown god.
   631 | D:1      | Found Vatworgh's Assorted Antiques.
   661 | D:1      | Found Elosel's Distillery.
   830 | D:1      | Reached XP level 3. HP: 22/25 MP: 0/0
   830 | D:1      | Learned a level 1 spell: Sandblast
  1087 | D:2      | Reached skill level 4 in Spellcasting
  1261 | D:2      | Found a blossoming altar of Fedhas.
  1771 | D:3      | Reached XP level 4. HP: 29/31 MP: 0/0
  2534 | D:4      | Noticed Natasha
  2536 | D:4      | Killed Natasha
  2577 | D:4      | Found a glowing silver altar of Zin.
  2719 | D:4      | Noticed a lemure
  2719 | D:4      | Noticed a lemure
  2720 | D:4      | Noticed Pikel
  2720 | D:4      | Noticed a lemure
  2720 | D:4      | Noticed a lemure
  2732 | D:4      | Slain by a lemure

Illustrated notes

Levels and vault maps discovered:
D:1:      saegor_arrival_simple_e, layout_rooms,
          ebering_ecumenical_altar_abandoned, serial_shops,
          nicolae_lakefront_shop, shop_fountains, nicolae_shop_statue_plus,
          shop_fountains, minmay_lizard_king
D:2:      layout_rooms, basic_altar
D:3:      layout_rooms, minivault_19, minivault_14, nicolae_figureground_sparkle
D:4:      layout_basic, zin_academy, serial_shops, shop, serial_bayou_crossing,
          uniq_natasha, uniq_duvessa, uniq_pikel

Skill      XL: |  1  2  3 |
---------------+----------+-----
Spellcasting   | 4 |  4.6
Dodging        | |  2.2
Stealth        | |  1.6

Action                   |  1- 3 |  4- 6 || total
-------------------------+-------+-------++-------
 Cast: Magic Dart        |    59 |     1 ||    60
       Searing Ray       |       |    13 ||    13
       Sandblast         |       |     7 ||     7
  Use: Scroll            |     6 |     1 ||     7
Armor: Robe              |       |     1 ||     1
Dodge: Dodged            |     2 |     7 ||     9

Table legend: (Time is in decaauts)
 A = Elapsed time spent in this place.
 B = Non-inter-level travel time spent in this place.
 C = Inter-level travel time spent in this place.
 D = Time resting spent in this place.
 E = Time spent auto-exploring this place.
 F = Levels seen in this place.
 G = Mean time per level.
                   A        B        C        D        E       F      G
               +--------+--------+--------+--------+--------+-----+--------+
         Total |   2737 |   2641 |     96 |      0 |   2310 |   4 |  684.2 |
       Dungeon |   2737 |   2641 |     96 |      0 |   2310 |   4 |  684.2 |
               +--------+--------+--------+--------+--------+-----+--------+

Top non-repeatable levels by time:
     D:1: 1040 daAuts
     D:3: 805 daAuts
     D:2: 618 daAuts
     D:4: 272 daAuts
